 Dungeon Crawl Stone Soup version 0.28.0-1-gb440e238dd (webtiles) character file.

Game seed: 9368161990192135995

658 a3don the Ducker (level 7, 0/50 HPs)
             Began as a Djinni Hedge Wizard on Feb 21, 2022.
             Was an Initiate of Gozag.
             Slain by a water moccasin (8 damage)
             ... on level 4 of the Dungeon.
             The game lasted 00:09:59 (7665 turns).

a3don the Ducker (Djinni Hedge Wizard)              Turns: 7665, Time: 00:09:59

Health: 0/50       AC:  3    Str:  9    XL:     7   Next: 86%
Gold:   294        EV: 13    Int: 17    God:    Gozag SH:  0 Dex: 13

rFire   + + .      SeeInvis .   g - +2 dagger (venom)
rCold   . . .      Faith    .   (no shield)
rNeg    . . .      Spirit   .   b - +0 robe
rPois   ∞          Reflect  .   c - +0 hat
rElec   .          Harm     .   q - +0 cloak
rCorr   .          Rampage  .   (no gloves)
Will    .....                   (boots unavailable)
Stlth   ++........              (no amulet)
HPRegen 0.16/turn               p - ring of Tuin Vokh {rC+ Slay+4}
MPRegen 0.00/turn               (no ring)

@: flying
A: sickness immunity, fire resistance 2, cold vulnerability 1, float, innate
caster, HP casting, extra vitality 1
a: Renounce Religion, Potion Petition, Call Merchant, Bribe Branch


You were on level 4 of the Dungeon.
You worshipped Gozag.
Gozag was aware of your devotion.
You visited 1 branch of the dungeon, and saw 5 of its levels.
You also visited: Sewer.

You collected 374 gold pieces.
You paid 80 gold pieces to Gozag.

Inventory:

Hand Weapons
 a - a +0 dagger
 g - a +2 dagger of venom (weapon)
Missiles
 r - 17 sling bullets
 s - 4 javelins
Armour
 b - a +0 robe (worn)
 c - a +0 hat (worn)
 q - a +0 cloak (worn)
Jewellery
 p - the ring of Tuin Vokh (left hand) {rC+ Slay+4}
   (You found it on level 2 of the Dungeon)

   [ring of slaying]

   Slay:      It affects your accuracy & damage with ranged weapons and melee
   (+4).
   rC:        It protects you from cold.
 A - a ring of protection from cold
Wands
 k - a wand of flame (7)
 D - a wand of mindburst (13)
Scrolls
 d - 2 scrolls of fog {unknown}
 e - 2 scrolls of silence {unknown}
 h - 2 scrolls of noise
 i - 2 scrolls of identify {unknown}
 t - a scroll of amnesia {unknown}
 u - a scroll of blinking
 w - a scroll of immolation {unknown}
 y - a scroll of enchant armour {unknown}
 z - a scroll of fear {unknown}
Potions
 f - 2 potions of lignification {unknown}
 j - 3 potions of ambrosia {unknown}
 l - 2 potions of flight {unknown}
 m - 2 potions of curing {unknown}
 n - 3 potions of mutation {unknown}
 o - 2 potions of invisibility {unknown}
 v - 2 potions of might {unknown}
 x - a potion of resistance {unknown}
 B - 4 potions of heal wounds {unknown}
 C - a potion of berserk rage {unknown}


   Skills:
 + Level 3.1 Fighting
 + Level 4.9 Dodging
 + Level 4.0 Stealth
 + Level 4.0 Spellcasting


You couldn't memorise any spells.
You knew the following spells:

 Your Spells              Type           Power      Damage    Failure   Level
a - Magic Dart            Conj           68%        1d6       3%          1
b - Blink                 Tloc           34%        N/A       4%          2
c - Call Imp              Summ           17%        N/A       4%          2
d - Slow                  Hex            68%        N/A       3%          1
e - Conjure Flame         Conj/Fire      17%        6-21      9%          3
f - Mephitic Cloud        Conj/Pois/Air  17%        N/A       9%          3
g - Freeze                Ice            68%        1d8       3%          1
h - Scorch                Fire           34%        2d7       4%          2
i - Portal Projectile     Hex/Tloc       34%        N/A       9%          3
Your spell library was empty.

Dungeon Overview and Level Annotations

Branches:
Dungeon (5/15)              Sewer (visited)
 Temple: D:4-7

Altars:
Gozag
Yredelemnul

Annotations:
D:3 3 runed translucent doors, reversiblehash's ghost, amateur MiFi


Innate Abilities, Weirdness & Mutations

You are immune to sickness and miasma.
You are immune to poison.
Your flesh is very heat resistant. (rF++)
You are vulnerable to cold. (rC-)
You float through the air rather than walking.
You learn spells naturally, not from books.
Your magical power is your life essence.
You have superior vitality. (+4 MHP)


Message History

The hound is engulfed in noxious fumes.
The hound completely misses your crimson imp.
Your crimson imp hits the hound.
Blink to where?
Press: ? - help, Dir - move target, p - hound
As you read the scroll labelled JIMYF KIKO, it crumbles to dust.
It was a scroll of blinking.
The water moccasin bites your crimson imp!
The hound is engulfed in noxious fumes.
The hound appears confused.
The hound misses your crimson imp.
Your crimson imp hits the hound.
The water moccasin closely misses your crimson imp.
The water moccasin closely misses your crimson imp.
Your crimson imp hits the hound.
The water moccasin bites your crimson imp!
Your crimson imp dies!
Your crimson imp disappears in a puff of smoke!
The water moccasin bites you but does no damage.
Casting: Call Imp (safe; 4% risk of failure)
Confirm with . or Enter, or press ? or * to list all spells.
Aiming: Freeze (safe; 3% risk of failure)
Press: ? - help, Shift-Dir - straight line, f - water moccasin
Aim: a water moccasin You freeze the water moccasin.
The water moccasin is moderately wounded.
The water moccasin seems to slow down.
* * * LOW HITPOINT WARNING * * *
The water moccasin closely misses you.
The water moccasin is no longer moving slowly.
You see here a +0 club.
There is a stone staircase leading up here.
You miss the water moccasin.
The water moccasin is lightly wounded.
The water moccasin bites you.
* * * LOW HITPOINT WARNING * * *
The water moccasin closely misses you.
You hit the water moccasin.
The water moccasin is moderately wounded.
The water moccasin bites you!
You die...
Your body crumbles into a pile of gold.

#.# ##.###### ##.. #.#
#...>..# #.. #.# ######.#
#.. #.# #######.#######.
#####.#####...............
#..)..#.....#####.........
#.<.....####(.............
#...).####)..###....#...##
#..).....@S#####.#####..#
###..[.#######...# #...##
##.....###...#####.#.#
##........### #..#.##
#.#......## ###.##..#
##.###..#..###...###.##
#......###..##.### #..#
#####..###.# ##.#..# ##..
#.....## #.# #...## ###


You could see a water moccasin.

Vanquished Creatures
  A black bear (D:4)
  An ogre (D:4)
  A scorpion (D:3)
  2 hounds (D:4)
  An orc priest (D:4)
  A gnoll shaman (D:4)
  An iguana (D:4)
  Ijyb (D:4)
  Natasha (twice) (D:2)
  An orc wizard (D:4)
  4 adders
  A white imp (D:4)
  An adder skeleton (D:4)
  2 worms (D:2)
  2 dart slugs
  6 orcs (D:4)
  8 ball pythons
  7 endoplasms
  10 giant cockroaches
  10 goblins
  7 hobgoblins
  A jackal (D:2)
  13 kobolds
  4 quokkas
  8 bats
  4 frilled lizards
  6 rats
106 creatures vanquished.

Vanquished Creatures (collateral kills)
  An adder (D:2)
  2 orcs (D:4)
  A ball python (D:2)
  A rat (D:2)
5 creatures vanquished.

Vanquished Creatures (others)
  A fungus (Sewer)
  5 plants (Sewer)
6 creatures vanquished.

Grand Total: 117 creatures vanquished

Notes
Turn   | Place    | Note
-------+----------+-------------------------------------------
     0 | D:1      | a3don the Djinni Hedge Wizard began the quest for the Orb.
     0 | D:1      | Reached XP level 1. HP: 15/15 MP: 0/0
   313 | D:1      | Reached XP level 2. HP: 17/21 MP: 0/0
   802 | D:1      | Reached XP level 3. HP: 12/25 MP: 0/0
   802 | D:1      | Learned a level 1 spell: Freeze
  1875 | D:1      | Found a faded altar of an unknown god.
  2943 | D:2      | Noticed Natasha
  2950 | D:2      | Killed Natasha
  2951 | D:2      | Reached XP level 4. HP: 23/31 MP: 0/0
  3031 | D:2      | Found an opulent altar of Gozag.
  3509 | D:2      | Noticed Natasha
  3915 | D:2      | Reached XP level 5. HP: 35/36 MP: 0/0
  3915 | D:2      | Learned a level 2 spell: Scorch
  3988 | D:2      | Identified the ring of Tuin Vokh {rC+ Slay+4}
  4324 | D:2      | Killed Natasha
  4325 | D:2      | Reached skill level 1 in Fighting
  4567 | D:3      | Found a glowing drain.
  4604 | Sewer    | Entered a sewer
  5155 | D:3      | Found a runed translucent gate.
  5155 | D:3      | Found a runed translucent gate.
  5155 | D:3      | Found a runed translucent gate.
  5332 | D:3      | Reached XP level 6. HP: 18/43 MP: 0/0
  5805 | D:3      | Found a basalt altar of Yredelemnul.
  5838 | D:3      | Noticed reversiblehash's ghost (amateur MiFi)
  6062 | D:2      | Became a worshipper of Gozag Ym Sagoz the Greedy
  6410 | D:4      | Noticed a black bear
  6428 | D:4      | Killed a black bear
  6429 | D:4      | Reached XP level 7. HP: 35/49 MP: 0/0
  6429 | D:4      | Learned a level 3 spell: Portal Projectile
  7075 | D:4      | Noticed Ijyb
  7099 | D:4      | Killed Ijyb
  7548 | D:5      | Entered Level 5 of the Dungeon
  7548 | D:5      | Noticed a water moccasin
  7665 | D:4      | Slain by a water moccasin

Illustrated notes

Levels and vault maps discovered:
D:1:      tarquinn_simple_flora_water_a, layout_basic, serial_aquarium,
          aquarium_bridge_square [aquarium_subvault_window,
          aquarium_subvault_bridge, aquarium_subvault_wall,
          aquarium_subvault_bridge], aquarium_window_corridor_2,
          aquarium_window_fake, aquarium_view_4,
          shapermc_ecumenical_altar_flowoftime, amcnicky_mini_pool_small
D:2:      minmay_thinvault, layout_basic, basic_altar, uniq_natasha
D:3:      layout_loops_ring, lemuel_round_altar, portal_sewer_entry_f,
          gammafunk_ghost_icy
D:4:      kennysheep_six_static_rooms, layout_rooms, uniq_ijyb
D:5:      layout_rooms, grunt_ministairs_10

Skill      XL: |  1  2  3  4  5  6  7 |
---------------+----------------------+-----
Stealth        | 2 3 4 |  4.0
Dodging        | 3 4 |  4.9
Spellcasting   | 3 4 |  4.0
Fighting       | 1 2 3 |  3.1

Action                   |  1- 3 |  4- 6 |  7- 9 || total
-------------------------+-------+-------+-------++-------
Melee: Dagger            |     4 |   109 |    44 ||   157
       Punch             |       |     1 |     1 ||     2
 Cast: Magic Dart        |    88 |    56 |       ||   144
       Mephitic Cloud    |     1 |     7 |     4 ||    12
       Call Imp          |       |     4 |     3 ||     7
       Scorch            |       |       |     5 ||     5
       Freeze            |       |       |     1 ||     1
  Use: Scroll            |       |       |     2 ||     2
 Stab: Sleeping          |       |     6 |     1 ||     7
       Confused          |       |     2 |     1 ||     3
Armor: Robe              |     1 |    24 |     6 ||    31
Dodge: Dodged            |     6 |    81 |    29 ||   116
